2795 views
Uploaded 2019-12-08 20:40:37
Game version 1.32.0.3 / 1.32.0.3.1
25:20 long 3on3 ladder game on (8)Mur'gulOasis_LV
Saved by BEARAND
2795 views
Uploaded 2019-12-08 20:40:37
Game version 1.32.0.3 / 1.32.0.3.1
25:20 long 3on3 ladder game on (8)Mur'gulOasis_LV


132 units @ 21.8k
/ 4k
37 buildings @ 6.2k
/ 2.4k

| Circlet of Nobility | 1 | 175 |
| Boots of Speed | 1 | 250 |
| total: | 2 | 425g |
| Peon | 8 | 600 | / | 0 |
| Grunt | 10 | 2000 | / | 0 |
| Wind Rider | 16 | 4240 | / | 640 |
| Shaman | 9 | 1170 | / | 180 |
| total: | 43 | 8010g | / | 820w |
| Altar of Storms | 1 | 180 | / | 50 |
| Orc Burrow | 7 | 1120 | / | 280 |
| Barracks | 1 | 180 | / | 50 |
| War Mill | 1 | 205 | / | 0 |
| Beastiary | 2 | 290 | / | 280 |
| Spirit Lodge | 1 | 150 | / | 150 |
| Stronghold | 1 | 315 | / | 190 |
| Fortress | 1 | 325 | / | 190 |
| total: | 13 | 2125g | / | 810w |
| 0:07 | Altar of Storms |
| 0:08 | Peon |
| 0:08 | Peon |
| 0:08 | Peon |
| 0:18 | Orc Burrow |
| 0:57 | Peon |
| 0:57 | Peon |
| 1:10 | Barracks |
| 1:37 | Peon |
| 1:41 | Orc Burrow |
| 2:23 | Grunt |
| 2:23 | Grunt |
| 2:39 | Wind Walk |
| 3:28 | Grunt |
| 3:28 | Grunt |
| 4:02 | Grunt |
| 4:37 | Orc Burrow |
| 4:40 | Stronghold |
| 4:47 | Grunt |
| 7:07 | Circlet of Nobility |
| 7:08 | Boots of Speed |
| 7:13 | Grunt |
| 7:13 | Grunt |
| 7:16 | Berserker Strength |
| 7:17 | Grunt |
| 7:18 | Grunt |
| 7:23 | Peon |
| 7:23 | Peon |
| 7:29 | Beastiary |
| 8:40 | Beastiary |
| 8:41 | Wind Rider |
| 8:41 | Wind Rider |
| 9:08 | Orc Burrow |
| 9:42 | Fortress |
| 9:48 | War Mill |
| 9:53 | Orc Burrow |
| 10:59 | Mirror Image |
| 11:29 | Wind Rider |
| 11:29 | Wind Rider |
| 11:40 | Steel Ranged Weapons |
| 12:20 | Orc Burrow |
| 13:13 | Steel Armor |
| 13:25 | Spirit Lodge |
| 13:26 | Wind Rider |
| 13:27 | Envenomed Spears |
| 14:21 | Wind Rider |
| 14:31 | Thorium Ranged Weapons |
| 14:46 | Shaman Adept Training |
| 15:16 | Wind Rider |
| 15:50 | Wind Rider |
| 16:05 | Critical Strike |
| 16:28 | Wind Rider |
| 16:44 | Shaman |
| 16:45 | Shaman |
| 16:56 | Shaman Master Training |
| 16:59 | Shaman |
| 18:25 | Wind Rider |
| 18:25 | Wind Rider |
| 19:11 | Shaman |
| 19:11 | Shaman |
| 20:00 | Wind Rider |
| 20:10 | Thorium Armor |
| 21:29 | Shaman |
| 21:30 | Shaman |
| 21:33 | Wind Rider |
| 21:36 | Wind Rider |
| 21:52 | Ensnare |
| 22:29 | Wind Rider |
| 22:49 | Shaman |
| 23:41 | Wind Rider |
| 24:24 | Shaman |
| 24:30 | Orc Burrow |
| Right click | 265 |
| Select | 196 |
| Build/train/purchase | 75 |
| Assign group | 18 |
| Minimap ping | 17 |
| Select group | 11 |
| Remove unit | 5 |
| Use ability | 3 |
| Misc. action | 1 |


| Wisp | 11 | 660 | / | 0 |
| Dryad | 25 | 3625 | / | 1500 |
| Chimaera | 11 | 3630 | / | 770 |
| total: | 47 | 7915g | / | 2270w |
| Moon Well | 8 | 1440 | / | 320 |
| Altar of Elders | 1 | 180 | / | 50 |
| Hunter's Hall | 1 | 210 | / | 100 |
| Ancient of Wonders | 1 | 90 | / | 30 |
| Ancient of Lore | 1 | 155 | / | 145 |
| Chimaera Roost | 1 | 140 | / | 190 |
| Tree of Ages | 1 | 320 | / | 180 |
| Tree of Eternity | 1 | 330 | / | 200 |
| total: | 13 | 2215g | / | 835w |
| 0:03 | Wisp |
| 0:03 | Wisp |
| 0:03 | Wisp |
| 0:04 | Wisp |
| 0:04 | Wisp |
| 0:04 | Wisp |
| 0:04 | Wisp |
| 0:20 | Moon Well |
| 0:35 | Altar of Elders |
| 1:01 | Moon Well |
| 1:02 | Moon Well |
| 1:03 | Moon Well |
| 1:04 | Moon Well |
| 1:05 | Moon Well |
| 1:16 | Wisp |
| 1:16 | Wisp |
| 1:16 | Wisp |
| 1:16 | Wisp |
| 2:23 | Tree of Ages |
| 2:36 | Hunter's Hall |
| 2:39 | Force of Nature |
| 3:48 | Strength of the Wild |
| 3:48 | Reinforced Hides |
| 4:45 | Tree of Eternity |
| 4:50 | Ancient of Lore |
| 5:50 | Improved Strength of the Wild |
| 6:05 | Trueshot Aura |
| 6:25 | Dryad |
| 6:25 | Dryad |
| 6:25 | Dryad |
| 6:25 | Dryad |
| 7:07 | Chimaera Roost |
| 7:13 | Dryad |
| 7:13 | Dryad |
| 7:57 | Entangling Roots |
| 8:29 | Chimaera |
| 8:29 | Chimaera |
| 8:30 | Corrosive Breath |
| 8:34 | Dryad |
| 8:34 | Dryad |
| 9:18 | Searing Arrows |
| 9:29 | Chimaera |
| 9:32 | Chimaera |
| 10:24 | Dryad |
| 10:24 | Dryad |
| 10:25 | Abolish Magic |
| 11:01 | Force of Nature |
| 11:34 | Trueshot Aura |
| 11:48 | Dryad |
| 11:49 | Dryad |
| 11:50 | Chimaera |
| 12:18 | Dryad |
| 12:21 | Dryad |
| 12:56 | Advanced Strength of the Wild |
| 13:39 | Chimaera |
| 13:39 | Chimaera |
| 14:13 | Entangling Roots |
| 14:37 | Dryad |
| 14:37 | Dryad |
| 14:39 | Dryad |
| 14:39 | Dryad |
| 14:47 | Moon Well |
| 14:47 | Moon Well |
| 14:55 | Dryad |
| 15:49 | Improved Reinforced Hides |
| 17:05 | Chimaera |
| 17:08 | Chimaera |
| 17:35 | Ancient of Wonders |
| 19:48 | Dryad |
| 20:28 | Dryad |
| 20:28 | Dryad |
| 20:28 | Dryad |
| 21:07 | Searing Arrows |
| 21:38 | Dryad |
| 21:39 | Chimaera |
| 23:19 | Force of Nature |
| 23:59 | Advanced Reinforced Hides |
| 24:01 | Chimaera |
| 24:03 | Dryad |
| Right click | 768 |
| Chat | 217 |
| Select | 195 |
| Build/train/purchase | 73 |
| Select group | 53 |
| Assign group | 52 |
| Use ability | 17 |
| Misc. action | 2 |
| Remove unit | 2 |

| Wisp | 11 | 660 | / | 0 |
| Archer | 8 | 1040 | / | 80 |
| Huntress | 6 | 1170 | / | 120 |
| Druid of the Claw | 4 | 1020 | / | 320 |
| Dryad | 2 | 290 | / | 120 |
| Hippogryph | 6 | 960 | / | 120 |
| Druid of the Talon | 5 | 725 | / | 100 |
| total: | 42 | 5865g | / | 860w |
| Ancient Protector | 1 | 135 | / | 80 |
| Moon Well | 5 | 900 | / | 200 |
| Altar of Elders | 1 | 180 | / | 50 |
| Ancient of War | 1 | 150 | / | 60 |
| Hunter's Hall | 1 | 210 | / | 100 |
| Ancient of Lore | 1 | 155 | / | 145 |
| Ancient of Wind | 1 | 150 | / | 140 |
| Tree of Ages | 1 | 320 | / | 180 |
| total: | 11 | 1880g | / | 775w |
| 0:27 | Moon Well |
| 0:38 | Altar of Elders |
| 1:04 | Wisp |
| 1:08 | Wisp |
| 1:09 | Wisp |
| 1:10 | Wisp |
| 2:42 | Ancient of War |
| 3:41 | Hunter's Hall |
| 3:48 | Archer |
| 3:53 | Wisp |
| 3:54 | Wisp |
| 4:34 | Moon Well |
| 4:36 | Archer |
| 5:26 | Archer |
| 5:28 | Archer |
| 6:38 | Tree of Ages |
| 6:42 | Huntress |
| 6:43 | Huntress |
| 6:52 | Sentinel |
| 8:31 | Strength of the Moon |
| 8:31 | Strength of the Wild |
| 8:32 | Ultravision |
| 8:33 | Moon Armor |
| 8:34 | Reinforced Hides |
| 8:47 | Huntress |
| 8:50 | Archer |
| 10:48 | Moon Glaive |
| 10:51 | Archer |
| 10:52 | Huntress |
| 10:53 | Huntress |
| 10:53 | Archer |
| 12:31 | Improved Strength of the Moon |
| 12:47 | Ancient Protector |
| 12:59 | Ancient of Lore |
| 13:37 | Evasion |
| 14:28 | Immolation |
| 15:16 | Moon Well |
| 15:24 | Vorpal Blades |
| 15:25 | Improved Bows |
| 15:29 | Improved Strength of the Wild |
| 15:30 | Improved Reinforced Hides |
| 15:35 | Huntress |
| 15:36 | Archer |
| 16:14 | Moon Well |
| 16:19 | Wisp |
| 16:19 | Wisp |
| 16:20 | Wisp |
| 17:09 | Moon Well |
| 17:12 | Druid of the Claw |
| 19:25 | Ancient of Wind |
| 19:30 | Druid of the Claw |
| 19:31 | Dryad |
| 19:31 | Dryad |
| 19:44 | Wisp |
| 19:45 | Wisp |
| 20:30 | Hippogryph |
| 20:34 | Hippogryph |
| 20:35 | Hippogryph |
| 20:36 | Hippogryph |
| 20:37 | Hippogryph |
| 20:37 | Hippogryph |
| 21:00 | Druid of the Talon |
| 21:00 | Druid of the Talon |
| 21:00 | Druid of the Talon |
| 21:01 | Druid of the Talon |
| 21:01 | Druid of the Talon |
| 23:01 | Druid of the Claw |
| 23:01 | Druid of the Claw |
| 23:02 | Druid of the Claw Adept Training |
| 23:02 | Abolish Magic |
| 23:06 | Druid of the Talon Adept Training |
| 23:47 | Evasion |
| Right click | 979 |
| Select | 199 |
| Build/train/purchase | 92 |
| Use ability | 6 |
| Esc | 5 |
| Remove unit | 4 |
64 units @ 5.6k
/ 0.3k
303 buildings @ 17.9k
/ 10.5k
TIMG4STRok
(25:20) : 


| Staff of Sanctuary | 3 | 750 |
| Staff of Teleportation | 3 | 450 |
| Boots of Speed | 3 | 750 |
| Circlet of Nobility | 1 | 175 |
| Periapt of Vitality | 3 | 975 |
| Potion of Invisibility | 1 | 100 |
| Healing Salve | 1 | 100 |
| Orb of Lightning | 3 | 1125 |
| total: | 18 | 4425g |
| Peasant | 25 | 1875 | / | 0 |
| Priest | 1 | 135 | / | 10 |
| Sorceress | 1 | 155 | / | 20 |
| total: | 27 | 2165g | / | 30w |
| Scout Tower | 150 | 4500 | / | 3000 |
| Arcane Tower | 8 | 560 | / | 400 |
| Guard Tower | 30 | 2100 | / | 1500 |
| Altar of Kings | 1 | 180 | / | 50 |
| Farm | 5 | 400 | / | 100 |
| Lumber Mill | 1 | 120 | / | 0 |
| Town Hall | 2 | 770 | / | 410 |
| Arcane Vault | 3 | 390 | / | 90 |
| Blacksmith | 1 | 140 | / | 60 |
| Barracks | 1 | 160 | / | 60 |
| Arcane Sanctum | 1 | 150 | / | 140 |
| Gryphon Aviary | 1 | 140 | / | 150 |
| Keep | 1 | 320 | / | 210 |
| Castle | 1 | 360 | / | 210 |
| total: | 166 | 6950g | / | 4060w |
| 0:03 | Peasant |
| 0:03 | Peasant |
| 0:07 | Altar of Kings |
| 0:10 | Farm |
| 0:18 | Peasant |
| 0:18 | Peasant |
| 0:33 | Lumber Mill |
| 0:42 | Farm |
| 0:47 | Peasant |
| 0:50 | Scout Tower |
| 0:56 | Farm |
| 0:58 | Peasant |
| 1:11 | Peasant |
| 1:20 | Arcane Tower |
| 1:23 | Peasant |
| 1:35 | Scout Tower |
| 1:46 | Peasant |
| 1:55 | Peasant |
| 2:05 | Scout Tower |
| 2:07 | Summon Water Elemental |
| 2:12 | Guard Tower |
| 2:15 | Peasant |
| 2:20 | Peasant |
| 2:25 | Farm |
| 2:32 | Guard Tower |
| 2:34 | Scout Tower |
| 3:05 | Guard Tower |
| 3:06 | Scout Tower |
| 3:08 | Peasant |
| 3:09 | Peasant |
| 3:09 | Peasant |
| 3:16 | Brilliance Aura |
| 3:38 | Peasant |
| 3:38 | Peasant |
| 3:54 | Peasant |
| 4:58 | Peasant |
| 4:59 | Peasant |
| 5:33 | Town Hall |
| 5:48 | Scout Tower |
| 5:48 | Scout Tower |
| 5:49 | Scout Tower |
| 5:49 | Scout Tower |
| 5:50 | Scout Tower |
| 5:50 | Scout Tower |
| 5:51 | Scout Tower |
| 5:52 | Scout Tower |
| 6:03 | Keep |
| 6:04 | Improved Masonry |
| 6:12 | Summon Water Elemental |
| 6:19 | Guard Tower |
| 6:40 | Staff of Teleportation |
| 6:40 | Boots of Speed |
| 6:41 | Circlet of Nobility |
| 6:41 | Periapt of Vitality |
| 6:52 | Arcane Tower |
| 6:53 | Guard Tower |
| 6:54 | Guard Tower |
| 7:00 | Peasant |
| 7:17 | Healing Salve |
| 7:25 | Guard Tower |
| 7:42 | Guard Tower |
| 7:44 | Scout Tower |
| 7:44 | Scout Tower |
| 7:45 | Scout Tower |
| 7:45 | Scout Tower |
| 7:46 | Scout Tower |
| 7:46 | Scout Tower |
| 7:49 | Scout Tower |
| 7:50 | Scout Tower |
| 7:50 | Scout Tower |
| 8:28 | Castle |
| 8:32 | Improved Lumber Harvesting |
| 8:53 | Arcane Sanctum |
| 8:57 | Scout Tower |
| 8:58 | Scout Tower |
| 8:58 | Scout Tower |
| 8:59 | Scout Tower |
| 9:02 | Peasant |
| 9:02 | Peasant |
| 9:13 | Guard Tower |
| 9:18 | Advanced Masonry |
| 9:33 | Storm Bolt |
| 9:47 | Staff of Teleportation |
| 9:47 | Boots of Speed |
| 10:10 | Magic Sentry |
| 10:11 | Guard Tower |
| 10:14 | Scout Tower |
| 10:15 | Scout Tower |
| 10:15 | Scout Tower |
| 10:16 | Scout Tower |
| 10:16 | Scout Tower |
| 10:17 | Scout Tower |
| 10:17 | Scout Tower |
| 10:18 | Scout Tower |
| 11:30 | Bash |
| 11:33 | Arcane Tower |
| 11:36 | Scout Tower |
| 11:37 | Scout Tower |
| 11:37 | Scout Tower |
| 11:38 | Scout Tower |
| 11:38 | Scout Tower |
| 11:39 | Scout Tower |
| 11:42 | Scout Tower |
| 11:42 | Scout Tower |
| 11:43 | Scout Tower |
| 11:43 | Scout Tower |
| 11:44 | Scout Tower |
| 11:44 | Scout Tower |
| 11:46 | Scout Tower |
| 11:47 | Scout Tower |
| 11:47 | Scout Tower |
| 11:48 | Scout Tower |
| 11:57 | Arcane Vault |
| 12:01 | Arcane Vault |
| 12:05 | Arcane Vault |
| 12:09 | Holy Light |
| 12:23 | Arcane Tower |
| 12:26 | Arcane Tower |
| 12:27 | Guard Tower |
| 12:30 | Arcane Tower |
| 12:33 | Guard Tower |
| 12:35 | Scout Tower |
| 12:35 | Scout Tower |
| 12:36 | Scout Tower |
| 12:36 | Scout Tower |
| 12:37 | Scout Tower |
| 12:39 | Scout Tower |
| 12:39 | Scout Tower |
| 12:40 | Scout Tower |
| 12:47 | Priest Adept Training |
| 12:47 | Priest |
| 12:51 | Farm |
| 12:53 | Arcane Tower |
| 12:56 | Imbued Masonry |
| 12:57 | Advanced Lumber Harvesting |
| 13:00 | Guard Tower |
| 13:01 | Staff of Teleportation |
| 13:01 | Boots of Speed |
| 13:09 | Guard Tower |
| 13:26 | Guard Tower |
| 13:39 | Staff of Sanctuary |
| 14:03 | Guard Tower |
| 14:20 | Brilliance Aura |
| 14:37 | Scout Tower |
| 14:38 | Scout Tower |
| 14:38 | Scout Tower |
| 14:39 | Scout Tower |
| 14:40 | Scout Tower |
| 14:40 | Scout Tower |
| 14:40 | Scout Tower |
| 14:43 | Guard Tower |
| 14:46 | Arcane Tower |
| 15:31 | Divine Shield |
| 15:48 | Staff of Sanctuary |
| 15:49 | Orb of Lightning |
| 15:51 | Staff of Sanctuary |
| 16:18 | Gryphon Aviary |
| 16:19 | Blacksmith |
| 16:42 | Potion of Invisibility |
| 16:58 | Guard Tower |
| 17:01 | Scout Tower |
| 17:02 | Scout Tower |
| 17:03 | Scout Tower |
| 17:03 | Scout Tower |
| 17:05 | Scout Tower |
| 17:05 | Scout Tower |
| 17:33 | Priest Master Training |
| 17:34 | Sorceress Adept Training |
| 17:34 | Sorceress |
| 17:37 | Studded Leather Armor |
| 17:42 | Barracks |
| 17:44 | Cloud |
| 17:50 | Storm Bolt |
| 17:55 | Guard Tower |
| 18:27 | Guard Tower |
| 18:49 | Guard Tower |
| 19:13 | Holy Light |
| 19:31 | Orb of Lightning |
| 19:37 | Scout Tower |
| 19:37 | Scout Tower |
| 19:38 | Scout Tower |
| 19:38 | Scout Tower |
| 19:39 | Scout Tower |
| 19:39 | Scout Tower |
| 19:40 | Scout Tower |
| 19:41 | Scout Tower |
| 19:44 | Scout Tower |
| 19:44 | Scout Tower |
| 19:45 | Scout Tower |
| 19:45 | Scout Tower |
| 19:46 | Scout Tower |
| 19:47 | Scout Tower |
| 19:47 | Scout Tower |
| 19:48 | Scout Tower |
| 19:52 | Periapt of Vitality |
| 20:10 | Guard Tower |
| 20:22 | Sorceress Master Training |
| 21:11 | Periapt of Vitality |
| 21:36 | Orb of Lightning |
| 22:52 | Town Hall |
| 22:59 | Scout Tower |
| 23:00 | Scout Tower |
| 23:00 | Scout Tower |
| 23:01 | Scout Tower |
| 23:01 | Scout Tower |
| 23:02 | Scout Tower |
| 23:02 | Scout Tower |
| 23:03 | Scout Tower |
| 23:04 | Scout Tower |
| 23:04 | Scout Tower |
| 23:05 | Scout Tower |
| 23:05 | Scout Tower |
| 23:07 | Scout Tower |
| 23:07 | Scout Tower |
| 23:08 | Scout Tower |
| 23:09 | Scout Tower |
| 23:09 | Scout Tower |
| 23:10 | Scout Tower |
| 23:10 | Scout Tower |
| 23:11 | Scout Tower |
| 23:13 | Scout Tower |
| 23:13 | Scout Tower |
| 23:14 | Scout Tower |
| 23:15 | Scout Tower |
| 23:17 | Scout Tower |
| 23:17 | Scout Tower |
| 23:18 | Scout Tower |
| 23:18 | Scout Tower |
| 23:23 | Scout Tower |
| 23:24 | Scout Tower |
| 23:25 | Scout Tower |
| 23:27 | Scout Tower |
| 23:28 | Scout Tower |
| 23:28 | Scout Tower |
| 23:30 | Scout Tower |
| 23:32 | Scout Tower |
| 23:33 | Scout Tower |
| 23:34 | Scout Tower |
| 23:35 | Scout Tower |
| 23:35 | Scout Tower |
| 23:36 | Scout Tower |
| 23:37 | Scout Tower |
| 23:37 | Scout Tower |
| 23:39 | Scout Tower |
| 23:41 | Scout Tower |
| 23:41 | Scout Tower |
| 23:42 | Scout Tower |
| 23:43 | Scout Tower |
| 23:44 | Scout Tower |
| 23:44 | Scout Tower |
| 23:46 | Guard Tower |
| 23:52 | Guard Tower |
| 23:54 | Scout Tower |
| 23:55 | Scout Tower |
| 23:56 | Scout Tower |
| 23:56 | Scout Tower |
| 23:56 | Scout Tower |
| 23:57 | Scout Tower |
| 23:57 | Scout Tower |
| 23:58 | Scout Tower |
| 24:04 | Guard Tower |
| 24:06 | Peasant |
| 24:06 | Peasant |
| 24:26 | Scout Tower |
| 24:27 | Scout Tower |
| 24:27 | Scout Tower |
| 24:29 | Scout Tower |
| 24:29 | Scout Tower |
| 24:31 | Guard Tower |
| 24:33 | Guard Tower |
| 25:10 | Guard Tower |
| 25:14 | Guard Tower |
| 25:19 | Guard Tower |
| Right click | 1510 |
| Select group | 1117 |
| Select | 329 |
| Build/train/purchase | 151 |
| Misc. action | 103 |
| Use ability | 64 |
| Chat | 34 |
| Assign group | 17 |
| Item give/drop | 11 |
| Resource trade | 11 |
| Minimap ping | 7 |
| Esc | 1 |



| Staff of Sanctuary | 3 | 750 |
| Dust of Appearance | 1 | 75 |
| Boots of Speed | 3 | 750 |
| Staff of Teleportation | 3 | 450 |
| Periapt of Vitality | 3 | 975 |
| Circlet of Nobility | 1 | 175 |
| Healing Salve | 1 | 100 |
| Orb of Lightning | 2 | 750 |
| total: | 17 | 4025g |
| Peasant | 13 | 975 | / | 0 |
| Priest | 2 | 270 | / | 20 |
| total: | 15 | 1245g | / | 20w |
| Scout Tower | 69 | 2070 | / | 1380 |
| Arcane Tower | 11 | 770 | / | 550 |
| Guard Tower | 26 | 1820 | / | 1300 |
| Altar of Kings | 1 | 180 | / | 50 |
| Farm | 5 | 400 | / | 100 |
| Lumber Mill | 1 | 120 | / | 0 |
| Arcane Vault | 3 | 390 | / | 90 |
| Blacksmith | 1 | 140 | / | 60 |
| Barracks | 1 | 160 | / | 60 |
| Town Hall | 1 | 385 | / | 205 |
| Arcane Sanctum | 1 | 150 | / | 140 |
| Gryphon Aviary | 1 | 140 | / | 150 |
| Keep | 1 | 320 | / | 210 |
| Castle | 1 | 360 | / | 210 |
| total: | 84 | 4135g | / | 2235w |
| 0:04 | Peasant |
| 0:04 | Peasant |
| 0:11 | Altar of Kings |
| 0:15 | Peasant |
| 0:20 | Farm |
| 0:39 | Peasant |
| 0:44 | Farm |
| 0:54 | Peasant |
| 0:57 | Scout Tower |
| 1:06 | Lumber Mill |
| 1:11 | Peasant |
| 1:17 | Peasant |
| 1:21 | Peasant |
| 1:31 | Peasant |
| 1:39 | Scout Tower |
| 1:39 | Arcane Tower |
| 1:48 | Peasant |
| 1:59 | Scout Tower |
| 2:08 | Scout Tower |
| 2:09 | Guard Tower |
| 2:14 | Peasant |
| 2:23 | Blizzard |
| 2:36 | Guard Tower |
| 2:37 | Scout Tower |
| 2:52 | Peasant |
| 2:53 | Peasant |
| 3:04 | Guard Tower |
| 3:05 | Scout Tower |
| 3:35 | Guard Tower |
| 3:37 | Scout Tower |
| 3:37 | Scout Tower |
| 3:38 | Keep |
| 4:04 | Brilliance Aura |
| 4:07 | Guard Tower |
| 4:09 | Farm |
| 4:31 | Guard Tower |
| 4:33 | Scout Tower |
| 4:34 | Scout Tower |
| 4:34 | Scout Tower |
| 4:35 | Scout Tower |
| 4:52 | Improved Masonry |
| 5:27 | Dust of Appearance |
| 5:29 | Boots of Speed |
| 5:33 | Blizzard |
| 5:58 | Guard Tower |
| 6:09 | Staff of Teleportation |
| 6:15 | Castle |
| 6:23 | Guard Tower |
| 6:54 | Advanced Masonry |
| 6:54 | Improved Lumber Harvesting |
| 6:57 | Farm |
| 6:58 | Farm |
| 7:12 | Storm Bolt |
| 7:58 | Arcane Sanctum |
| 8:13 | Healing Salve |
| 8:51 | Imbued Masonry |
| 8:54 | Scout Tower |
| 8:55 | Scout Tower |
| 8:55 | Scout Tower |
| 8:56 | Scout Tower |
| 8:56 | Scout Tower |
| 8:56 | Scout Tower |
| 8:57 | Scout Tower |
| 8:58 | Scout Tower |
| 8:58 | Scout Tower |
| 9:00 | Arcane Vault |
| 9:45 | Holy Light |
| 10:25 | Bash |
| 10:30 | Guard Tower |
| 10:32 | Magic Sentry |
| 10:32 | Priest |
| 10:32 | Priest |
| 10:54 | Divine Shield |
| 11:34 | Arcane Vault |
| 11:52 | Boots of Speed |
| 11:56 | Staff of Teleportation |
| 11:58 | Boots of Speed |
| 12:04 | Periapt of Vitality |
| 12:50 | Guard Tower |
| 12:52 | Scout Tower |
| 12:52 | Scout Tower |
| 12:53 | Scout Tower |
| 12:53 | Scout Tower |
| 12:54 | Scout Tower |
| 12:54 | Scout Tower |
| 12:55 | Scout Tower |
| 12:56 | Scout Tower |
| 13:20 | Scout Tower |
| 13:20 | Scout Tower |
| 13:21 | Scout Tower |
| 13:21 | Scout Tower |
| 13:30 | Arcane Vault |
| 13:31 | Scout Tower |
| 13:32 | Scout Tower |
| 13:33 | Scout Tower |
| 14:21 | Storm Bolt |
| 14:22 | Brilliance Aura |
| 14:52 | Guard Tower |
| 14:52 | Arcane Tower |
| 14:52 | Guard Tower |
| 15:30 | Holy Light |
| 15:45 | Gryphon Aviary |
| 15:46 | Blacksmith |
| 15:47 | Barracks |
| 15:49 | Advanced Lumber Harvesting |
| 16:03 | Staff of Teleportation |
| 16:16 | Periapt of Vitality |
| 16:30 | Staff of Sanctuary |
| 16:34 | Staff of Sanctuary |
| 16:37 | Orb of Lightning |
| 16:47 | Scout Tower |
| 16:48 | Scout Tower |
| 16:48 | Scout Tower |
| 16:49 | Scout Tower |
| 16:49 | Scout Tower |
| 16:50 | Scout Tower |
| 16:50 | Scout Tower |
| 16:50 | Scout Tower |
| 16:51 | Scout Tower |
| 16:51 | Scout Tower |
| 16:54 | Town Hall |
| 16:56 | Scout Tower |
| 16:56 | Scout Tower |
| 16:57 | Scout Tower |
| 16:57 | Scout Tower |
| 16:57 | Scout Tower |
| 16:58 | Scout Tower |
| 16:58 | Scout Tower |
| 16:59 | Scout Tower |
| 16:59 | Scout Tower |
| 16:59 | Scout Tower |
| 17:13 | Arcane Tower |
| 17:20 | Guard Tower |
| 17:28 | Guard Tower |
| 17:30 | Guard Tower |
| 18:28 | Guard Tower |
| 18:39 | Staff of Sanctuary |
| 19:27 | Arcane Tower |
| 19:27 | Arcane Tower |
| 19:28 | Guard Tower |
| 19:33 | Animal War Training |
| 19:34 | Iron Forged Swords |
| 19:34 | Studded Leather Armor |
| 19:50 | Guard Tower |
| 20:11 | Arcane Tower |
| 20:13 | Scout Tower |
| 20:14 | Scout Tower |
| 20:17 | Arcane Tower |
| 20:18 | Arcane Tower |
| 20:18 | Arcane Tower |
| 20:20 | Guard Tower |
| 20:29 | Orb of Lightning |
| 20:37 | Scout Tower |
| 20:38 | Scout Tower |
| 20:38 | Scout Tower |
| 20:38 | Scout Tower |
| 20:39 | Scout Tower |
| 20:40 | Scout Tower |
| 20:58 | Guard Tower |
| 21:48 | Periapt of Vitality |
| 21:51 | Circlet of Nobility |
| 23:50 | Arcane Tower |
| 23:50 | Arcane Tower |
| 23:51 | Guard Tower |
| 23:52 | Guard Tower |
| 23:53 | Scout Tower |
| 23:54 | Scout Tower |
| 23:54 | Scout Tower |
| 23:55 | Scout Tower |
| 23:56 | Scout Tower |
| 24:54 | Bash |
| Right click | 1936 |
| Select | 514 |
| Select group | 483 |
| Chat | 400 |
| Build/train/purchase | 114 |
| Use ability | 56 |
| Misc. action | 15 |
| Item give/drop | 14 |
| Assign group | 10 |
| Minimap ping | 9 |
| Resource trade | 7 |



| Healing Salve | 2 | 200 |
| Lesser Clarity Potion | 1 | 70 |
| Orb of Lightning | 1 | 375 |
| Boots of Speed | 4 | 1000 |
| Staff of Teleportation | 3 | 450 |
| Circlet of Nobility | 1 | 175 |
| Staff of Sanctuary | 1 | 250 |
| total: | 13 | 2520g |
| Peon | 16 | 1200 | / | 0 |
| Troll Batrider | 6 | 960 | / | 240 |
| total: | 22 | 2160g | / | 240w |
| Watch Tower | 40 | 4400 | / | 3200 |
| Altar of Storms | 1 | 180 | / | 50 |
| Orc Burrow | 3 | 480 | / | 120 |
| War Mill | 1 | 205 | / | 0 |
| Voodoo Lounge | 3 | 390 | / | 90 |
| Great Hall | 2 | 770 | / | 370 |
| Beastiary | 3 | 435 | / | 420 |
| Stronghold | 1 | 315 | / | 190 |
| Fortress | 1 | 325 | / | 190 |
| total: | 53 | 6860g | / | 4250w |
| 0:03 | Peon |
| 0:03 | Peon |
| 0:06 | Altar of Storms |
| 0:21 | Orc Burrow |
| 0:24 | Peon |
| 0:38 | Peon |
| 0:50 | War Mill |
| 0:59 | Voodoo Lounge |
| 1:04 | Peon |
| 1:14 | Peon |
| 1:25 | Peon |
| 1:39 | Orc Burrow |
| 1:45 | Peon |
| 2:08 | Wind Walk |
| 2:12 | Watch Tower |
| 2:15 | Healing Salve |
| 2:23 | Peon |
| 2:34 | Watch Tower |
| 2:42 | Peon |
| 2:57 | Peon |
| 3:00 | Watch Tower |
| 3:35 | Peon |
| 3:40 | Watch Tower |
| 3:44 | Watch Tower |
| 3:47 | Lesser Clarity Potion |
| 4:02 | Boots of Speed |
| 4:08 | Staff of Teleportation |
| 4:17 | Watch Tower |
| 4:51 | Watch Tower |
| 5:13 | Watch Tower |
| 5:28 | Critical Strike |
| 5:44 | Stronghold |
| 5:45 | Watch Tower |
| 5:57 | Watch Tower |
| 6:13 | Voodoo Lounge |
| 6:17 | Spiked Barricades |
| 6:22 | Watch Tower |
| 6:28 | Watch Tower |
| 6:55 | Watch Tower |
| 7:02 | Watch Tower |
| 7:06 | Wind Walk |
| 7:32 | Watch Tower |
| 8:03 | Watch Tower |
| 8:04 | Watch Tower |
| 8:24 | Watch Tower |
| 8:35 | Watch Tower |
| 8:48 | Watch Tower |
| 9:03 | Voodoo Lounge |
| 9:07 | Improved Spiked Barricades |
| 9:12 | Hex |
| 9:24 | Watch Tower |
| 9:26 | Watch Tower |
| 9:35 | Watch Tower |
| 10:33 | Watch Tower |
| 10:37 | Watch Tower |
| 10:39 | Watch Tower |
| 10:48 | Healing Wave |
| 11:10 | Fortress |
| 11:41 | Watch Tower |
| 11:43 | Watch Tower |
| 11:56 | Critical Strike |
| 12:18 | Watch Tower |
| 12:49 | Watch Tower |
| 12:50 | Watch Tower |
| 12:56 | Healing Salve |
| 13:14 | Reinforced Defenses |
| 13:17 | Boots of Speed |
| 13:36 | Orc Burrow |
| 14:00 | Watch Tower |
| 14:28 | Great Hall |
| 14:45 | Frost Arrows |
| 14:59 | Healing Wave |
| 15:10 | Watch Tower |
| 15:48 | Staff of Sanctuary |
| 15:50 | Orb of Lightning |
| 15:54 | Boots of Speed |
| 15:54 | Staff of Teleportation |
| 15:54 | Circlet of Nobility |
| 16:38 | Forked Lightning |
| 16:52 | Watch Tower |
| 17:03 | Peon |
| 17:03 | Peon |
| 17:03 | Peon |
| 17:03 | Peon |
| 17:50 | Beastiary |
| 17:54 | Beastiary |
| 18:04 | Watch Tower |
| 19:15 | Watch Tower |
| 19:48 | Boots of Speed |
| 19:51 | Staff of Teleportation |
| 20:28 | Watch Tower |
| 20:30 | Pillage |
| 20:45 | Liquid Fire |
| 20:48 | Troll Batrider |
| 20:49 | Troll Batrider |
| 21:14 | Steel Ranged Weapons |
| 21:14 | Steel Armor |
| 21:37 | Watch Tower |
| 22:10 | Great Hall |
| 22:15 | Troll Batrider |
| 22:37 | Troll Batrider |
| 22:41 | Watch Tower |
| 23:22 | Thorium Ranged Weapons |
| 23:48 | Watch Tower |
| 24:22 | Critical Strike |
| 24:23 | Hex |
| 24:25 | Frost Arrows |
| 24:28 | Troll Batrider |
| 24:29 | Troll Batrider |
| 24:29 | Beastiary |
| Right click | 1462 |
| Select | 439 |
| Select group | 354 |
| Misc. action | 126 |
| Build/train/purchase | 83 |
| Use ability | 79 |
| Chat | 52 |
| Item give/drop | 8 |
| Assign group | 7 |
| Minimap ping | 3 |
| Esc | 2 |